AoeStats
← MXFXAlpha

Yucatan

510376944Analyzed
3v3 RM · 11h ago on Sep 30, 2026· 20m 10s· 6 players
Game mode
Random Map
Map size
Normal (6 player)
Population
200
Speed
Normal
Resources
Standard
Victory
Conquest
Starting age
Dark Age
Ending age
Imperial Age
RankedLock teamsTeams togetherTeam positionsShared explorationLock speedFull tech treeHidden civsTurbo modeCheats
Victory
Defeat
🇺🇸 Britons · United States
1036
+12
🇫🇷 Mongols · France
983
+14
🇹🇷 Danes · Türkiye
896
+19
🇫🇷 Persians · France
964
-16
🇬🇧 Goths · United Kingdom
953
-15
🇸🇪 Japanese · Sweden
921
-14
dark_29
0:27 Loom
10:22 Feudal Age
11:15 Double-Bit Axe
17:32 Castle Age
Konny Kalsong
13:03 Feudal Age
13:16 Man-at-Arms
14:14 Loom
MXFXAlpha
2:16 Loom
9:51 Feudal Age
10:33 Double-Bit Axe
16:47 Castle Age
15:00 Scale Mail Armor
15:10 Forging
15:23 Stone Mining
15:25 Gold Mining
15:36 Horse Collar
16:39 Fletching
17:56 Forging
17:41 Bodkin Arrow
20:23 Bloodlines
PatriotTURK
0:29 Loom
11:33 Feudal Age
12:24 Arson
12:00 Man-at-Arms
20:15 Castle Age
18:33 Scale Mail Armor
20:18 Horse Collar
20:27 Double-Bit Axe
sarfaoui4
2:50 Loom
10:01 Feudal Age
12:42 Gold Mining
12:37 Double-Bit Axe
13:14 Bloodlines
13:15 Forging
15:04 Scale Barding Armor
21:18 Castle Age
steffens-spieleadresse
5:47 Loom
10:15 Feudal Age
10:41 Man-at-Arms
14:01 Wheelbarrow
20:59 Castle Age
Connection lost

Rejoining the realm…

Still unreachable

The connection could not be restored.

Session expired

The server has moved on; the page needs a fresh start.